 Dungeon Crawl Stone Soup version 0.22-a0-374-g5dfd9e3 (webtiles) character file.

22862 mhoghedin the Fighter (level 13, -3/87 HPs)
             Began as a Kobold Berserker on Apr 26, 2018.
             Was a High Priest of Trog.
             Slain by a death yak (12 damage)
             ... led by a torpor snail
             ... on level 4 of the Lair of Beasts.
             The game lasted 00:34:14 (17734 turns).

mhoghedin the Fighter (Kobold Berserker)           Turns: 17734, Time: 00:34:15

Health: -3/87      AC: 17    Str: 18    XL:     13   Next: 30%
Magic:  24/24      EV: 16    Int: 10    God:    Trog [*****.]
Gold:   1358       SH:  0    Dex: 14    Spells: 12/12 levels left

rFire    . . .     SeeInvis .   b - +4 hunting sling (freeze)
rCold    . . .     Gourm    .   (shield restricted)
rNeg     . . .     Faith    .   D - +3 chain mail {rPois}
rPois    +         Spirit   .   w - +1 helmet
rElec    .         Reflect  .   q - +0 cloak
rCorr    .         Harm     .   (no gloves)
MR       .....                  B - +0 pair of boots
Stlth    ..........             (no amulet)
HPRegen  0.24/turn              h - ring of magical power {MP+9}
MPRegen  0.19/turn              (no ring)

@: about to teleport, slowed, very slow
A: small, carnivore
a: Berserk, Trog's Hand, Brothers in Arms, Renounce Religion


You were on level 4 of the Lair of Beasts.
You worshipped Trog.
Trog was extremely pleased with you.
You were not hungry.

You visited 2 branches of the dungeon, and saw 16 of its levels.
You also visited: Sewer and Ossuary.

You collected 1358 gold pieces.

Inventory:

Hand Weapons
 a - a +2 long sword of venom
   (You took it off an orc warrior on level 9 of the Dungeon)
 b - a +4 hunting sling of freezing (weapon)
   (You found it on level 2 of the Dungeon)
Missiles
 e - 2 throwing nets {=f, !d}
 m - 156 stones
 J - 34 sling bullets (quivered)
Armour
 l - a +1 scale mail of cold resistance
   (You took it off Edmund on level 6 of the Dungeon)
 q - a +0 cloak (worn)
   (You took it off Crazy Yiuf on level 5 of the Dungeon)
 w - a +1 helmet (worn)
   (You found it on level 8 of the Dungeon)
 B - a +0 pair of boots (worn)
   (You found it on level 6 of the Dungeon)
 D - a +3 chain mail of poison resistance (worn)
   (You found it on level 6 of the Dungeon)
Jewellery
 h - a ring of magical power (left hand) {MP+9}
   (You took it off a gnoll on level 8 of the Dungeon)
 E - an uncursed ring of fire {rF+, rC-}
   (You found it on level 9 of the Dungeon)
 L - an uncursed ring of ice {unknown}
   (You found it on level 4 of the Lair of Beasts)
Wands
 f - a wand of iceblast (6)
   (You found it on level 2 of the Lair of Beasts)
 o - a wand of polymorph (28)
   (You took it off Eustachio on level 6 of the Dungeon)
 r - a wand of paralysis (11)
   (You found it on level 9 of the Dungeon)
 s - a wand of digging (4)
   (You found it on level 4 of the Dungeon)
 G - a wand of flame (77)
   (You found it on level 8 of the Dungeon)
Scrolls
 d - 2 scrolls of teleportation
 g - 5 scrolls of noise {!r}
 i - 3 scrolls of blinking {!r}
 j - 6 scrolls of remove curse
 n - 4 scrolls of identify
 u - 3 scrolls of fog
 y - a scroll of random uselessness
 C - a scroll of brand weapon
 H - 2 scrolls of enchant armour
 K - a scroll of vulnerability {!r!r}
 M - a scroll of summoning {unknown}
Potions
 k - 4 potions of brilliance
 p - 4 potions of flight
 t - 2 potions of might
 v - 3 potions of lignification {!q}
 x - a potion of agility
 z - 4 potions of invisibility
 A - a potion of mutation {!q}
 I - 2 potions of haste
Comestibles
 c - 16 rations


   Skills:
 + Level 12.7 Fighting
 + Level 9.7 Long Blades
 - Level 8.0 Slings
 + Level 5.0 Armour
 + Level 12.1 Dodging
 - Level 3.4 Evocations


You had 12 spell levels left.
You didn't know any spells.

Dungeon Overview and Level Annotations

Branches:
Dungeon (12/15)            Temple (0/1) D:5            Lair (4/6) D:9
 Shoals (0/4) Lair:3       Spider (0/4) Lair:3          Orc (0/2) D:9

Altars:
Ashenzari
Makhleb
Nemelex Xobeh
Ru
Uskayaw
Xom
Zin

Shops:
D:7 =   D:8 [

Annotations:
D:9 exclusion: orange crystal statue


Innate Abilities, Weirdness & Mutations

You are small and have problems with some larger weapons.
You are carnivorous and can eat meat at any time.


Message History

Aim: a blink frog (severely wounded)
You shoot a sling bullet.
The sling bullet barely misses the blink frog.
Firing (i - inventory. (/) - cycle)
J - 6 sling bullets (quivered)
Aim: a blink frog (severely wounded)
You shoot a sling bullet. The sling bullet hits the blink frog!
The blink frog seems to slow down.
The sling bullet freezes the blink frog.
You kill the blink frog!
Trog accepts your kill.
J - 6 sling bullets (gained 1)
J - 15 sling bullets (gained 9)
You see here a komodo dragon corpse.
No target in view!
No target in view!
J - 16 sling bullets (gained 1)
J - 19 sling bullets (gained 3)
You see here a blink frog corpse.
J - 21 sling bullets (gained 2)
You see here a blink frog corpse.
J - 29 sling bullets (gained 8)
J - 30 sling bullets (gained 1)
J - 31 sling bullets (gained 1)
J - 32 sling bullets (gained 1)
A porcupine comes into view.
You regained 3 hp, and now have 78/87 hp.
A porcupine is nearby!
Firing (i - inventory. (/) - cycle)
J - 32 sling bullets (quivered)
Aim: a porcupine You shoot a sling bullet.
The sling bullet barely misses the porcupine.
Firing (i - inventory. (/) - cycle)
J - 31 sling bullets (quivered)
Aim: a porcupine You shoot a sling bullet.
The sling bullet hits the porcupine!
The sling bullet freezes the porcupine.
You kill the porcupine!
Trog accepts your kill.
No target in view!
No target in view!
J - 31 sling bullets (gained 1)
You see here a porcupine corpse.
J - 32 sling bullets (gained 1)
You see here a porcupine corpse.
d - 3 scrolls of teleportation (gained 1)
J - 33 sling bullets (gained 1)
J - 34 sling bullets (gained 1)
J - 35 sling bullets (gained 1)
J - 36 sling bullets (gained 1)
A death yak comes into view.
The death yak bellows!
A death yak is nearby!
Health restored: 87 Firing (i - inventory. (/) - cycle)
J - 36 sling bullets (quivered)
Aim: a death yak You shoot a sling bullet.
The sling bullet hits the death yak but does no damage.
Firing (i - inventory. (/) - cycle)
J - 35 sling bullets (quivered)
Aim: a death yak You shoot a sling bullet.
The sling bullet hits the death yak.
The sling bullet freezes the death yak.
Being near the torpor snail leaves you feeling lethargic.
A death yak and a torpor snail come into view.
The death yak gores you!
You take 15 damage, and have 72/87 hp.
You feel yourself speed up.
Being near the torpor snail leaves you feeling lethargic.
The death yak gores you!
You take 14 damage, and have 58/87 hp.
You feel yourself speed up.
Being near the torpor snail leaves you feeling lethargic.
Okay, then.
Unknown command.
Unknown command.
Okay, then.
Unknown command.
Aim: a death yak You reflect the death yak with the mirror, and the mirror shatters!
Your death yak gores the death yak!!
The death yak gores you but does no damage.
The death yak misses you.
Your death yak gores the death yak!
The death yak gores you!
You take 8 damage, and have 51/87 hp.
The death yak gores your death yak.
Your death yak barely misses the death yak.
Your death yak shimmers and vanishes!
The death yak gores you.
You take 3 damage, and have 49/87 hp.
The death yak gores you!
You take 11 damage, and have 38/87 hp.
As you read the scroll of teleportation, it crumbles to dust.
You feel strangely unstable. The death yak barely misses you.
The death yak gores you but does no damage.
The death yak gores you!
You take 9 damage, and have 30/87 hp.
Unknown command.
The death yak gores you!!
* * * LOW HITPOINT WARNING * * *
The death yak gores you!
You die...

.... ... ... #...##..## #.....P
#.. ##....++........# #.....##
#.## #......#...#...## .......#
#..# #.....###.###...#
......####.####.....##..###...#
......#.#......#.............##
.............................P#
..............................#
............w..Y@.............#
.......##+#P+..Y..............#
.......# ##.##..............##
#......##+#P.........P####....#
#.....###....##P....####..#P..P#
#.....##.............#....#..###
#.....#######.##....##.......#
#......##P######....##....P..#
.....†P.....####.....##..##..#


You could see 2 death yaks and a torpor snail.

Vanquished Creatures
  3 hydras
  Erolcha (D:9)
  4 two-headed ogres
  A centaur warrior (D:10)
  A lindwurm (Lair:3)
  The ghost of ohad the Insei, a novice DsGl of Okawaru (D:5)
  An ice statue (D:9)
  2 spiny frogs
  2 rime drakes
  5 komodo dragons
  A tengu conjurer (D:10)
  A troll (D:9)
  Grinder (D:6)
  3 blink frogs (Lair:4)
  4 hippogriffs
  14 yaks
  Eustachio (D:6)
  2 basilisks
  Grum (D:8)
  Edmund (D:6)
  A warg (D:9)
  A water moccasin (Lair:3)
  7 porcupines
  8 orc warriors
  A sky beast (D:6)
  The ghost of Rhok the Skirmisher, an amateur DrFi (D:3)
  An ice beast (D:6)
  2 necrophages
  2 phantoms
  6 wolves (Lair:3)
  5 centaurs
  6 ogres
  3 crocodiles
  3 big kobolds
  13 bullfrogs
  3 gnoll sergeants
  2 scorpions
  A wyvern skeleton (D:9)
  3 killer bees (D:6)
  2 howler monkeys
  9 wights
  4 crimson imps
  Crazy Yiuf (D:5)
  2 bullfrog zombies
  4 orc priests
  2 bullfrog skeletons
  12 hounds
  14 orc wizards
  2 centaur skeletons
  2 gnoll shamans (D:8)
  A jelly (D:6)
  An iguana (D:2)
  A worker ant (D:4)
  10 hell rats (Lair:3)
  A big kobold zombie (Ossuary)
  A hound skeleton (D:8)
  8 mummies (Ossuary)
  26 gnolls
  9 adders
  10 river rats
  A shadow imp (D:12)
  4 oozes (Sewer)
  An adder zombie (D:6)
  An adder skeleton (D:4)
  8 worms
  A dart slug (D:1)
  6 leopard geckos
  37 orcs
  6 ball pythons
  10 bats
  2 giant cockroaches
  3 gnoll zombies (Ossuary)
  4 hobgoblins
  17 jackals
  15 quokkas
  6 frilled lizards
  2 goblins
  9 kobolds
  A kobold zombie (Ossuary)
  3 orc zombies (Ossuary)
  A quokka skeleton (D:4)
  18 rats
397 creatures vanquished.

Vanquished Creatures (collateral kills)
  A two-headed ogre (D:10)
  Maurice (D:10)
  A troll (D:10)
  An orc warrior (D:8)
  A scorpion (D:9)
  2 wights (D:10)
  2 howler monkeys (D:10)
  A bullfrog zombie (D:10)
  An orc wizard (D:9)
  A hound (D:8)
  An orc priest (D:9)
  A gnoll (D:8)
  4 orcs
  2 kobolds (D:8)
20 creatures vanquished.

Grand Total: 417 creatures vanquished

Notes
Turn   | Place    | Note
-------+----------+-------------------------------------------
     0 | D:1      | mhoghedin the Kobold Berserker began the quest for the Orb.
     0 | D:1      | Reached XP level 1. HP: 14/14 MP: 1/1
    42 | D:1      | HP: 3/14 [jackal (2)]
   308 | D:1      | Reached XP level 2. HP: 14/19 MP: 2/2
   811 | D:1      | Reached XP level 3. HP: 22/23 MP: 3/3
   892 | D:1      | Reached skill level 3 in Dodging
   956 | D:1      | Reached skill level 2 in Armour
   964 | D:1      | Reached ** piety under Trog
  1152 | D:2      | Reached XP level 4. HP: 23/29 MP: 4/4
  1769 | D:2      | Reached skill level 3 in Long Blades
  2072 | D:2      | Reached XP level 5. HP: 29/33 MP: 5/5
  2077 | D:2      | Reached skill level 1 in Slings
  2654 | D:3      | Noticed Rhok's ghost (amateur DrFi)
  2673 | D:3      | Killed Rhok's ghost
  2673 | D:3      | Reached skill level 2 in Slings
  2673 | D:3      | Reached XP level 6. HP: 38/38 MP: 6/6
  2760 | D:3      | Found a shimmering altar of Xom.
  3013 | D:3      | Found a burning altar of Makhleb.
  3214 | D:4      | Noticed an ogre
  3223 | D:4      | Killed an ogre
  3223 | D:4      | Reached skill level 4 in Long Blades
  3223 | D:4      | Reached skill level 3 in Slings
  3244 | D:4      | Reached XP level 7. HP: 23/42 MP: 7/7
  3577 | D:4      | Found a sand-covered staircase.
  3581 | Ossuary  | Entered an ossuary
  3648 | Ossuary  | Reached skill level 4 in Slings
  4160 | D:4      | Reached *** piety under Trog
  4160 | D:4      | Reached skill level 5 in Long Blades
  4399 | D:4      | Reached skill level 4 in Fighting
  4556 | D:4      | Reached XP level 8. HP: 48/48 MP: 8/8
  4728 | D:5      | Entered Level 5 of the Dungeon
  4757 | D:5      | Reached skill level 5 in Fighting
  4761 | D:5      | Noticed ohad's ghost (novice DsGl)
  4761 | D:5      | Reached skill level 4 in Dodging
  4860 | D:5      | HP: 7/49 [ohad's ghost (8)]
  4865 | D:5      | Killed ohad's ghost
  4865 | D:5      | Reached skill level 5 in Slings
  4865 | D:5      | Reached skill level 5 in Dodging
  4947 | D:5      | Reached skill level 6 in Fighting
  5041 | D:5      | Reached XP level 9. HP: 55/55 MP: 9/9
  5090 | D:5      | Found a staircase to the Ecumenical Temple.
  5407 | D:5      | Found a runed door.
  5411 | D:5      | Noticed Crazy Yiuf
  5417 | D:5      | Killed Crazy Yiuf
  5476 | D:6      | Noticed Eustachio
  5480 | D:6      | Noticed Grinder
  5488 | D:6      | Killed Eustachio
  5488 | D:6      | Reached skill level 6 in Long Blades
  5488 | D:6      | Reached skill level 6 in Dodging
  5505 | D:6      | Killed Grinder
  5566 | D:6      | Reached skill level 7 in Fighting
  5575 | D:6      | HP: 14/57 [killer bee (10)]
  5580 | D:6      | HP: 11/57 [phantom (6)]
  5581 | D:6      | HP: 2/57 [phantom (9)]
  5594 | D:6      | HP: 21/85 [phantom (6)]
  5601 | D:6      | HP: 9/57 [bullfrog skeleton (7)]
  5607 | D:6      | HP: 4/57 [bullfrog skeleton (6)]
  5854 | D:6      | Reached skill level 7 in Dodging
  5861 | D:6      | Found a glowing drain.
  5912 | Sewer    | Entered a sewer
  6765 | D:6      | Reached **** piety under Trog
  6850 | D:6      | Noticed Edmund
  6864 | D:6      | Killed Edmund
  6976 | D:6      | Reached XP level 10. HP: 58/64 MP: 10/10
  7133 | D:6      | Reached skill level 8 in Fighting
  7133 | D:6      | Reached skill level 7 in Long Blades
  7158 | D:6      | You fall through a shaft!
  7193 | D:7      | Found Yhih Pojy's Jewellery Shoppe.
  7538 | D:6      | Found a shimmering altar of Xom.
  7550 | D:6      | Reached skill level 8 in Dodging
  7561 | D:6      | Found a shimmering altar of Xom.
  7563 | D:6      | Found a shimmering altar of Xom.
  7567 | D:6      | Found a shimmering altar of Xom.
  7896 | D:7      | Found a sacrificial altar of Ru.
  7943 | D:7      | HP: 12/64 [orc priest/divine providence (14)]
  8631 | D:8      | Found a shattered altar of Ashenzari.
  8686 | D:8      | Noticed a two-headed ogre
  8701 | D:8      | Killed a two-headed ogre
  8728 | D:8      | Reached skill level 9 in Fighting
  8728 | D:8      | Reached skill level 9 in Dodging
  9189 | D:8      | Reached skill level 8 in Long Blades
  9331 | D:8      | Found a hide-covered altar of Uskayaw.
  9573 | D:8      | Noticed a two-headed ogre
  9586 | D:8      | Killed a two-headed ogre
  9586 | D:8      | Reached skill level 10 in Dodging
  9586 | D:8      | Reached XP level 11. HP: 55/72 MP: 11/11
  9733 | D:8      | Found Roant's Armour Shoppe.
  9747 | D:8      | Noticed an angel
  9750 | D:8      | Found a glowing silver altar of Zin.
  9765 | D:8      | Noticed Grum
  9782 | D:8      | Killed Grum
  9831 | D:8      | Reached ***** piety under Trog
 10030 | D:8      | Noticed a two-headed ogre
 10045 | D:8      | Killed a two-headed ogre
 10045 | D:8      | Reached skill level 10 in Fighting
 10286 | D:8      | Found a sparkling altar of Nemelex Xobeh.
 10610 | D:9      | Reached skill level 1 in Evocations
 10747 | D:9      | Reached skill level 2 in Evocations
 10757 | D:9      | Found a staircase to the Orcish Mines.
 10817 | D:9      | Noticed a two-headed ogre
 10832 | D:9      | Killed a two-headed ogre
 10832 | D:9      | Reached skill level 3 in Evocations
 11083 | D:9      | Found a staircase to the Lair.
 11374 | D:9      | You fall through a shaft for 3 floors!
 11426 | D:12     | Found a hide-covered altar of Uskayaw.
 11605 | D:11     | Reached skill level 6 in Slings
 11698 | D:10     | Entered Level 10 of the Dungeon
 11705 | D:10     | Noticed a centaur warrior
 11709 | D:10     | Noticed Maurice
 11738 | D:10     | Found a glowing silver altar of Zin.
 11758 | D:10     | Noticed a two-headed ogre
 11763 | D:10     | Killed a centaur warrior
 11763 | D:10     | Reached skill level 11 in Fighting
 11773 | D:10     | Killed a two-headed ogre
 11783 | D:10     | Killed Maurice
 11883 | D:10     | HP: 17/74 [acid (7)]
 11888 | D:10     | HP: 10/74 [something (3)]
 11899 | D:10     | Reached skill level 7 in Slings
 11899 | D:10     | Reached XP level 12. HP: 31/80 MP: 14/14
 11913 | D:10     | HP: 19/80 [something (4)]
 12532 | D:9      | Noticed Erolcha
 12542 | D:9      | Killed Erolcha
 12830 | Lair:1   | Entered Level 1 of the Lair of Beasts
 12984 | Lair:1   | Noticed a five-headed hydra
 12995 | Lair:1   | Killed a five-headed hydra
 12995 | Lair:1   | Reached skill level 3 in Armour
 13018 | Lair:1   | Reached skill level 9 in Long Blades
 13226 | Lair:1   | Reached skill level 11 in Dodging
 13985 | Lair:2   | Noticed a seven-headed hydra
 13998 | Lair:2   | Killed a nine-headed hydra
 13998 | Lair:2   | Reached skill level 12 in Fighting
 14030 | Lair:2   | Found a shimmering altar of Xom.
 14290 | Lair:2   | Received a gift from Trog
 14591 | Lair:2   | Reached skill level 4 in Armour
 15437 | Lair:3   | Found a hole to the Spider Nest.
 15757 | Lair:3   | Received a gift from Trog
 15798 | Lair:3   | Reached XP level 13. HP: 70/87 MP: 15/15
 15963 | Lair:3   | Noticed an eight-headed hydra
 15976 | Lair:3   | Killed an eight-headed hydra
 16645 | Lair:3   | Found a staircase to the Shoals.
 17456 | Lair:4   | Reached skill level 8 in Slings
 17608 | Lair:4   | Reached skill level 12 in Dodging
 17615 | Lair:4   | Reached skill level 5 in Armour
 17734 | Lair:4   | HP: 9/87 [death yak[a torpor snail] (22)]
 17734 | Lair:4   | Slain by a death yak

Vault maps used:
D:1:      dpeg_arrival_central
D:2:      serial_corexii_hall, corexii_hall_statues_l, corexii_hall_statues_l
D:3:      makhleb_grotto_becter, lemuel_statue_altar
D:4:      enter_ossuary_5, minmay_bisected
D:5:      temple_hall, first_ration, uniq_crazy_yiuf_cottage
D:6:      portal_sewer_entry_a, xom_redecorated, uniq_edmund, uniq_eustachio,
          uniq_grinder
D:7:      kennysheep_mini, serial_shops, shop
D:8:      eat_drink_and_be_merry_uskayaw, zin_angel,
          nicolae_ashenzari_panopticon, nemelex_xobeh_ov_fountains_minmay,
          serial_gnoll_camp, gnoll_camp_mini_loothouse, gnoll_camp_medium_01,
          grums_kennel, gnoll_camp_mini_basic, gnoll_camp_mini_basic,
          gnoll_camp_mini_shop
D:9:      minmay_separated_statues, lair_entry_dummy, david_orc_3,
          blue_anna_alchemist, st_stairs_8, minmay_misc_feat_iff, uniq_erolcha
D:10:     minmay_the_grid_net, basic_altar, serial_bayou_pond_c,
          minmay_orc_keep, uniq_maurice, uniq_psyche, uniq_joseph,
          uniq_josephine
D:11:     cheibrodos_statue_roulette, minivault_24, minmay_three_doors
D:12:     basic_altar
Lair:1:   lab_entry_generic, hangedman_lair_unloving_vines, serial_bayou_pond_e,
          beast_lair_carwin_2
Lair:2:   basic_altar, beast_lair_carwin_11
Lair:3:   lemuel_ratsnest, minmay_shoals_entry_centaurs, dummy_spider_entry,
          minivault_24
Sewer:    sewer_fruit_machine
Ossuary:  ossuary_tomb_3

Skill      XL: |  1  2  3  4  5  6  7  8  9 10 11 12 13 |
---------------+----------------------------------------+-----
Dodging        | 3 5 7 10 11 12 | 12.1
Armour         | 2 4 5 |  5.0
Long Blades    | 3 4 5 6 8 9 |  9.7
Slings         | 2 3 4 5 7 8 |  8.0
Fighting       | 4 6 7 9 11 12 | 12.7
Evocations     | 3 |  3.4

Action                   |  1- 3 |  4- 6 |  7- 9 | 10-12 | 13-15 || total
-------------------------+-------+-------+-------+-------+-------++-------
Melee: Falchion          |    66 |   119 |   135 |   180 |       ||   500
       Hunting sling     |       |       |       |     1 |       ||     1
       Long sword        |       |       |       |   108 |   103 ||   211
 Fire: Hunting sling     |       |    26 |   344 |   681 |   122 ||  1173
Invok: Berserk           |     1 |     6 |     6 |     9 |       ||    22
       Trog's Hand       |       |       |     4 |     2 |       ||     6
       Brothers in Arms  |       |       |       |     4 |       ||     4
Evoke: Wand              |       |       |     3 |    18 |     1 ||    22
       Phantom mirror    |       |       |       |       |     1 ||     1
  Use: Potion            |       |     1 |    13 |     1 |       ||    15
       Scroll            |       |       |    14 |    14 |     5 ||    33
 Stab: Sleeping          |     1 |       |       |       |       ||     1
       Paralysed         |       |       |       |    25 |       ||    25
  Eat: Chunk             |     5 |    13 |    10 |    36 |       ||    64
       Ration            |       |       |     4 |     7 |       ||    11
Armor: Animal skin       |    20 |    11 |    34 |       |       ||    65
       Skin              |       |    17 |    62 |       |       ||    79
       Plate armour      |       |       |     6 |       |       ||     6
       Scale mail        |       |       |     3 |    26 |       ||    29
       Chain mail        |       |       |       |   237 |    55 ||   292
Dodge: Dodged            |    61 |   102 |   203 |   431 |    88 ||   885
       Rpst.: Falchion   |    14 |    33 |    27 |    34 |       ||   108
       Long sword        |       |       |       |    21 |    13 ||    34

Table legend:
 A = Spawn XP
 B = Non-spawn XP
 C = Spawn XP percentage of total XP
 D = Spawn monster count
 E = Non-spawn monster count
 F = Spawn count percentage of total count
 G = Total turns spent on level
                    A         B        C        D         E        F      G
               +---------+---------+-------+---------+---------+-------+---------
         Total |       0 |   32661 |   0.0 |       0 |     417 |   0.0 | 17734
               +---------+---------+-------+---------+---------+-------+---------
           D:1 |       0 |      40 |   0.0 |       0 |      25 |   0.0 |  1258
           D:2 |       0 |     144 |   0.0 |       0 |      22 |   0.0 |  1235
           D:3 |       0 |     181 |   0.0 |       0 |       6 |   0.0 |   678
           D:4 |       0 |     514 |   0.0 |       0 |      15 |   0.0 |  1058
           D:5 |       0 |    1189 |   0.0 |       0 |      18 |   0.0 |   716
           D:6 |       0 |    1888 |   0.0 |       0 |      38 |   0.0 |  1318
           D:7 |       0 |     532 |   0.0 |       0 |      12 |   0.0 |  1079
           D:8 |       0 |    5389 |   0.0 |       0 |      68 |   0.0 |  1905
           D:9 |       0 |    4608 |   0.0 |       0 |      54 |   0.0 |  1797
          D:10 |       0 |    2452 |   0.0 |       0 |      15 |   0.0 |   219
          D:11 |       0 |     306 |   0.0 |       0 |       3 |   0.0 |   102
          D:12 |       0 |      25 |   0.0 |       0 |       2 |   0.0 |   222
        Lair:1 |       0 |    3080 |   0.0 |       0 |      11 |   0.0 |  1155
        Lair:2 |       0 |    4045 |   0.0 |       0 |      18 |   0.0 |  1414
        Lair:3 |       0 |    5224 |   0.0 |       0 |      59 |   0.0 |  2000
        Lair:4 |       0 |    2790 |   0.0 |       0 |      10 |   0.0 |   335
         Sewer |       0 |      78 |   0.0 |       0 |      25 |   0.0 |   712
       Ossuary |       0 |     176 |   0.0 |       0 |      16 |   0.0 |   531
               +---------+---------+-------+---------+---------+-------+---------

Vault maps used:
D:1:      dpeg_arrival_central
D:2:      serial_corexii_hall, corexii_hall_statues_l, corexii_hall_statues_l
D:3:      makhleb_grotto_becter, lemuel_statue_altar
D:4:      enter_ossuary_5, minmay_bisected
D:5:      temple_hall, first_ration, uniq_crazy_yiuf_cottage
D:6:      portal_sewer_entry_a, xom_redecorated, uniq_edmund, uniq_eustachio,
          uniq_grinder
D:7:      kennysheep_mini, serial_shops, shop
D:8:      eat_drink_and_be_merry_uskayaw, zin_angel,
          nicolae_ashenzari_panopticon, nemelex_xobeh_ov_fountains_minmay,
          serial_gnoll_camp, gnoll_camp_mini_loothouse, gnoll_camp_medium_01,
          grums_kennel, gnoll_camp_mini_basic, gnoll_camp_mini_basic,
          gnoll_camp_mini_shop
D:9:      minmay_separated_statues, lair_entry_dummy, david_orc_3,
          blue_anna_alchemist, st_stairs_8, minmay_misc_feat_iff, uniq_erolcha
D:10:     minmay_the_grid_net, basic_altar, serial_bayou_pond_c,
          minmay_orc_keep, uniq_maurice, uniq_psyche, uniq_joseph,
          uniq_josephine
D:11:     cheibrodos_statue_roulette, minivault_24, minmay_three_doors
D:12:     basic_altar
Lair:1:   lab_entry_generic, hangedman_lair_unloving_vines, serial_bayou_pond_e,
          beast_lair_carwin_2
Lair:2:   basic_altar, beast_lair_carwin_11
Lair:3:   lemuel_ratsnest, minmay_shoals_entry_centaurs, dummy_spider_entry,
          minivault_24
Sewer:    sewer_fruit_machine
Ossuary:  ossuary_tomb_3

Table legend:
 A = Turns spent in this place as a percentage of turns spent in the entire game.
 B = Non-inter-level travel turns spent in this place as a percentage of non-inter-level travel turns spent in the entire game.
 C = Inter-level travel turns spent in this place as a percentage of turns spent in this place.
 D = Turns resting spent in this place as a percentage of non-inter-level travel turns spent in this place.
 E = Turns spent auto-exploring this place as a percentage of non-inter-level travel turns spent in this place.
 F = Non-inter-level travel turns spent in this place divided by the number of levels of this place that you've seen.
                   A       B       C       D       E      F
               +-------+-------+-------+-------+-------+----------------------
         Total | 100.0 | 100.0 |   3.0 |  27.4 |  51.9 | 955.4
       Dungeon |  65.3 |  64.5 |   4.2 |  28.6 |  48.9 | 925.1
          Lair |  27.7 |  28.2 |   1.0 |  25.6 |  59.2 | 1213.5
         Sewer |   4.0 |   4.1 |   0.0 |  10.1 |  67.1 | 712.0
       Ossuary |   3.0 |   3.1 |   0.0 |  43.7 |  28.2 | 531.0
               +-------+-------+-------+-------+-------+----------------------

Table legend:
 A = Kills in this place as a percentage of kills in entire the game.
 B = Kills by you in this place as a percentage of kills by you in the entire game.
 C = Kills by friends in this place as a percentage of kills by friends in the entire game.
 D = Other kills in this place as a percentage of other kills in the entire game.
 E = Experience gained in this place as a percentage of experience gained in the entire game.
 F = Experience gained in this place divided by the number of levels of this place that you have seen.
                   A       B       C       D       E      F
               +-------+-------+-------+-------+-------+----------------------
         Total | 100.0 | 100.0 | 100.0 |   N/A | 100.0 | 1814.5
       Dungeon |  66.7 |  65.0 | 100.0 |   N/A |  52.9 | 1439.0
          Lair |  23.5 |  24.7 |   0.0 |   N/A |  46.4 | 3784.8
         Sewer |   6.0 |   6.3 |   0.0 |   N/A |   0.2 |  78.0
       Ossuary |   3.8 |   4.0 |   0.0 |   N/A |   0.5 | 176.0
               +-------+-------+-------+-------+-------+----------------------
